 Dungeon Crawl Stone Soup version 0.29.1-14-g9c671dbff4 (webtiles) character file.

Game seed: 10598565941433509250

98 leafyfresh the Covert (level 4, -2/41 HPs)
             Began as a Gnoll Delver on Feb 13, 2023.
             Slain by a kobold brigand
             ... wielding a +0 short sword
              (6 damage)
             ... in a sewer.
             The game lasted 00:01:41 (665 turns).

leafyfresh the Covert (Gnoll Delver)                 Turns: 665, Time: 00:01:41

Health: -2/41      AC:  3    Str: 12    XL:     4   Next: 71%
Magic:  5/5        EV: 13    Int:  9    God:
Gold:   37         SH:  0    Dex: 15    Spells: 5/5 levels left

rFire   . . .      SeeInvis .   a - +0 spear
rCold   . . .      Faith    .   (no shield)
rNeg    . . .      Spirit   .   b - +0 leather armour
rPois   .          Reflect  .   (no helmet)
rElec   .          Harm     .   (no cloak)
rCorr   .          Rampage  .   (no gloves)
Will    .....                   (no boots)
Stlth   ++++......              (no amulet)
HPRegen 0.13/turn               (no ring)
MPRegen 0.09/turn               (no ring)

@: mighty
A: fangs 1, strong nose, distributed training
a: no special abilities


You were in a sewer.
You visited 1 branch of the dungeon, and saw 2 of its levels.
You also visited: Sewer.

You collected 37 gold pieces.

Inventory:

Hand Weapons
 a - a +0 spear (weapon)
Armour
 b - a +0 leather armour (worn)
Wands
 g - a wand of digging (3)
Scrolls
 c - a scroll of fog
 e - a scroll of fear
Potions
 f - a potion of haste


   Skills:
 + Level 6.6 Fighting
 + Level 1.2 Short Blades
 + Level 1.2 Long Blades
 + Level 1.2 Axes
 + Level 1.2 Maces & Flails
 + Level 4.7 Polearms
 + Level 1.2 Staves
 + Level 1.2 Ranged Weapons
 + Level 1.2 Throwing
 + Level 1.2 Armour
 + Level 4.7 Dodging
 + Level 9.6 Stealth
 + Level 1.2 Shields
 + Level 1.2 Unarmed Combat
 + Level 1.2 Spellcasting
 + Level 1.0 Conjurations
 + Level 1.0 Hexes
 + Level 1.0 Summonings
 + Level 1.0 Necromancy
 + Level 1.0 Translocations
 + Level 1.0 Transmutations
 + Level 1.0 Fire Magic
 + Level 1.0 Ice Magic
 + Level 1.0 Air Magic
 + Level 1.0 Earth Magic
 + Level 1.0 Poison Magic
 + Level 1.4 Invocations
 + Level 1.2 Evocations


You had 5 spell levels left.
You didn't know any spells.
Your spell library was empty.

Dungeon Overview and Level Annotations

Branches:
Dungeon (5/15)              Sewer (1/1)
 Temple: D:4-7

Altars:


Innate Abilities, Weirdness & Mutations

You have very sharp teeth.
Your uncanny sense of smell can sniff out nearby items.
Your experience applies equally to all skills.


Message History

The poisoned dart hits you!
You are more poisoned.
You feel very sick.
You feel sick.
The kobold brigand throws a poisoned dart.
The poisoned dart closely misses you.
You feel sick.
You feel sick.
You feel sick.
You feel sick.
You are no longer poisoned.
What are your orders? t - Bark!
Orders for allies: a - Attack new target. r - Retreat! s - Stop attacking. g - Guard the area. f - Follow me.
Anything else - Cancel.
Okay, then.
Reach: a) +0 spear
Press: ? - help, Dir - move target, f/p - kobold brigand
Aim: a kobold brigand, wielding a +0 short sword and quivering poisoned darts (lightly wounded, about 40% to evade your +0 spear)
You reach to attack!
You closely miss the kobold brigand.
The kobold brigand is lightly wounded.
You barely miss the kobold brigand. Your bite misses the kobold brigand.
The kobold brigand is lightly wounded.
The kobold brigand misses you.
You barely miss the kobold brigand.
The kobold brigand is lightly wounded.
The kobold brigand hits you with a +0 short sword.
* * * LOW HITPOINT WARNING * * *
You puncture the kobold brigand!
The kobold brigand is moderately wounded.
You closely miss the kobold brigand. Your bite misses the kobold brigand.
The kobold brigand is moderately wounded.
The kobold brigand hits you with a +0 short sword.
* * * LOW HITPOINT WARNING * * *
You puncture the kobold brigand!
The kobold brigand is severely wounded.
The kobold brigand hits you with a +0 short sword.
You die...

∆∆ ∆∆ ### #∩#
############ ##
#.###.~...~.~..##.##
....~~.~.~~~K..#@..#.#
~~~~~~~~~~≈≈≈~~#K...##
≈≈≈≈≈≈≈≈≈≈≈≈≈~~......#
~~≈~~~~~~~≈≈≈~~#.....#
....~~~~.~~~~..#..~..#
#####.~.~~.~...#.~≈~.#
##~#########..~.## #)#
##..## #~# ###


You could see a kobold brigand.

Vanquished Creatures
  2 hounds (D:5)
  2 adders (D:4)
  A river rat (Sewer)
  An ufetubus (D:5)
  A goblin (D:4)
  A hobgoblin (D:4)
  5 kobolds (Sewer)
  4 rats (Sewer)
17 creatures vanquished.

Notes
Turn   | Place    | Note
-------+----------+-------------------------------------------
     0 | D:5      | Reached skill level 9 in Stealth
     0 | D:5      | leafyfresh the Gnoll Delver began the quest for the Orb.
     0 | D:5      | Reached XP level 1. HP: 23/23 MP: 1/1
     4 | D:5      | Noticed a hound
    23 | D:5      | Killed a hound
    24 | D:5      | Reached XP level 2. HP: 24/29 MP: 1/3
    24 | D:5      | Reached XP level 3. HP: 29/35 MP: 1/4
   114 | D:5      | Reached skill level 1 in Short Blades
   114 | D:5      | Reached skill level 1 in Long Blades
   114 | D:5      | Reached skill level 1 in Axes
   114 | D:5      | Reached skill level 1 in Maces & Flails
   114 | D:5      | Reached skill level 1 in Staves
   114 | D:5      | Reached skill level 1 in Ranged Weapons
   114 | D:5      | Reached skill level 1 in Throwing
   114 | D:5      | Reached skill level 1 in Armour
   114 | D:5      | Reached skill level 1 in Shields
   114 | D:5      | Reached skill level 1 in Unarmed Combat
   114 | D:5      | Reached skill level 1 in Spellcasting
   114 | D:5      | Reached skill level 1 in Invocations
   114 | D:5      | Reached skill level 1 in Evocations
   119 | D:5      | Reached XP level 4. HP: 17/41 MP: 5/5
   374 | D:4      | Reached skill level 1 in Conjurations
   374 | D:4      | Reached skill level 1 in Hexes
   374 | D:4      | Reached skill level 1 in Summonings
   374 | D:4      | Reached skill level 1 in Necromancy
   374 | D:4      | Reached skill level 1 in Translocations
   374 | D:4      | Reached skill level 1 in Transmutations
   374 | D:4      | Reached skill level 1 in Fire Magic
   374 | D:4      | Reached skill level 1 in Ice Magic
   374 | D:4      | Reached skill level 1 in Air Magic
   374 | D:4      | Reached skill level 1 in Earth Magic
   374 | D:4      | Reached skill level 1 in Poison Magic
   384 | D:4      | Found a glowing drain.
   393 | Sewer    | Entered a sewer
   552 | Sewer    | Noticed a kobold brigand
   665 | Sewer    | Slain by a kobold brigand

Illustrated notes

Levels and vault maps discovered:
D:4:      layout_loops_ring, cheibrodos_sewer_entry_bend, minmay_between
D:5:      layout_rooms
Sewer:    sewer_kobolds

Skill      XL: |  1  2  3  4 |
---------------+-------------+-----
Stealth        | |  9.6
Short Blades   | 1 |  1.2
Long Blades    | 1 |  1.2
Axes           | 1 |  1.2
Maces & Flails | 1 |  1.2
Staves         | 1 |  1.2
Ranged Weapons | 1 |  1.2
Throwing       | 1 |  1.2
Armour         | 1 |  1.2
Shields        | 1 |  1.2
Unarmed Combat | 1 |  1.2
Spellcasting   | 1 |  1.2
Invocations    | 1 |  1.4
Evocations     | 1 |  1.2
Conjurations   | 1 |  1.0
Hexes          | 1 |  1.0
Summonings     | 1 |  1.0
Necromancy     | 1 |  1.0
Translocations | 1 |  1.0
Transmutations | 1 |  1.0
Fire Magic     | 1 |  1.0
Ice Magic      | 1 |  1.0
Air Magic      | 1 |  1.0
Earth Magic    | 1 |  1.0
Poison Magic   | 1 |  1.0
Fighting       | |  6.6
Polearms       | |  4.7
Dodging        | |  4.7

Action                   |  1- 3 |  4- 6 || total
-------------------------+-------+-------++-------
Melee: Spear             |    31 |    58 ||    89
       Bite              |     3 |     3 ||     6
       Punch             |       |     1 ||     1
  Use: Scroll            |       |     1 ||     1
       Potion            |       |     1 ||     1
 Stab: Sleeping          |     1 |     4 ||     5
Armor: Leather armour    |     5 |     3 ||     8
Dodge: Dodged            |    29 |    22 ||    51
